Map: Submarine LE

Players

ViBE - Winner!

  • Race: Terran Terran
  • League: Bronze
  • Spawn Location: 5:00

Imabrawlrus

  • Race: Terran Terran
  • Spawn Location: 11:00

VOD

https://www.youtube.com/watch?v=VjhJ7E-kFgw&list=PLFeZeom2b4DnD3FIu7pzkXl51JX_WWz2h&index=2

Description

Time

  • Played on: March 10, 2021, 6:12 p.m.
  • Length: 15:07
Show
View Real Time Build Order
Export as new Build Order

ViBE Terran - Winner!

Build Orders:  

Get SALT Encoding   

  12  0:01  SCV  
  13  0:13  SCV  
  14  0:22  Supply Depot  
  14  0:26  SCV  
  15  0:44  SCV  
  15  0:49  Barracks  
  16  0:53  Refinery  
  16  0:56  SCV  
  17  1:08  SCV  
  18  1:22  SCV  
  19  1:35  SCV  
  19  1:39  Marine  
  21  1:41  Command Center  
  21  1:47  Orbital Command  
  21  1:59  Marine, Supply Depot  
  22  2:14  SCV  
  23  2:16  Factory  
  23  2:21  Marine  
  24  2:27  SCV  
  25  2:39  SCV  
  26  2:47  Barracks Reactor  
  26  2:53  Refinery, SCV  
  26  2:56  Orbital Command  
  27  3:03  Factory Tech Lab  
  27  3:04  Barracks  
  27  3:07  SCV  
  28  3:19  SCV  
  29  3:25  SCV  
  30  3:29  Siege Tank  
  30  3:30  Marine x2  
  30  3:31  SCV  
  36  3:38  SCV  
  37  3:43  SCV  
  38  3:50  SCV  
  38  3:55  SCV  
  40  4:00  Barracks Tech Lab  
  40  4:01  Marine x2  
  40  4:02  SCV, Siege Tank  
  46  4:07  Starport  
  46  4:14  Supply Depot  
  46  4:15  Supply Depot  
  46  4:19  SCV x2  
  48  4:26  Marine x3  
  48  4:27  Stimpack  
  51  4:32  SCV x2  
  51  4:38  Supply Depot  
  53  4:49  SCV x2  
  55  5:00  Starport Reactor  
  55  5:01  Marine x3, SCV x2  
  55  5:03  Siege Tank  
  63  5:13  SCV x2  
  65  5:18  Command Center  
  65  5:29  SCV x2  
  67  5:36  Marine  
  67  5:37  Marine x2  
  67  5:40  Siege Tank  
  67  5:41  SCV x2  
  67  5:42  Medivac  
  77  5:48  Refinery x2  
  77  5:52  Supply Depot  
  77  5:53  SCV, Supply Depot  
  77  5:55  Supply Depot  
  78  5:57  Supply Depot  
  78  6:09  Engineering Bay x2  
  78  6:14  SCV x2  
  78  6:16  Marine  
  78  6:17  Marine x2  
  83  6:20  Medivac  
  88  6:26  SCV x2  
  88  6:30  Orbital Command  
  90  6:38  SCV x2  
  92  6:49  Marine x3  
  92  6:50  SCV  
  92  6:51  Combat Shield  
  93  6:56  Terran Infantry Armor Level 1, Terran Infantry Weapons Level 1  
  93  6:57  Medivac x2  
  97  7:07  Marine x3  
  100  7:19  SCV x3  
  103  7:24  Marine  
  103  7:28  Armory  
  104  7:34  Command Center  
  104  7:36  Barracks  
  104  7:37  Barracks  
  104  7:38  Barracks  
  104  7:43  Barracks  
  104  7:44  SCV  
  104  7:45  SCV x2  
  104  7:47  Marine x3  
  104  7:49  Medivac x2  
  114  7:56  SCV  
  114  7:57  SCV x2  
  117  8:13  SCV x3  
  117  8:19  Supply Depot  
  120  8:20  Supply Depot x2  
  120  8:21  Supply Depot, Medivac x2  
  120  8:24  Marine  
  120  8:26  Barracks Reactor  
  125  8:27  Barracks Reactor  
  125  8:28  Barracks Reactor  
  125  8:29  Barracks Reactor  
  125  8:36  Supply Depot x2  
  125  8:37  Supply Depot x2  
  125  8:38  Supply Depot  
  125  8:40  Marine  
  125  8:41  Supply Depot  
  126  8:47  Marine x2  
  128  8:51  Medivac x2  
  132  8:56  Command Center  
  132  8:58  Marine  
  133  9:04  Refinery  
  133  9:05  Marine x2, Refinery  
  133  9:06  SCV x3  
  138  9:17  Marine  
  138  9:18  Marine x8  
  147  9:24  Terran Infantry Weapons Level 2  
  147  9:25  Terran Infantry Armor Level 2  
  147  9:30  Terran Vehicle Weapons Level 1  
  147  9:32  Medivac x2  
  151  10:03  Marine x7  
  151  10:04  Marine x4  
  86  10:07  Medivac x2  
  166  10:20  Command Center  
  166  10:21  Marine x7  
  166  10:26  Marine x4  
  177  10:37  Medivac x2  
  177  10:39  Marine x7  
  188  10:44  Marine  
  188  10:48  Barracks  
  188  10:49  Barracks  
  189  10:50  Barracks  
  189  10:51  Marine x3  
  189  10:52  Barracks  
  189  10:55  SCV x3  
  189  10:56  Marine  
  195  10:57  Marine x4  
  195  10:59  Planetary Fortress  
  195  11:02  Planetary Fortress  
  200  11:23  Starport  
  200  11:25  Barracks  
  200  11:28  Barracks x3  
  200  11:29  Barracks x2  
  200  11:30  Barracks  
  200  11:31  Barracks  
  200  11:37  Barracks  
  200  11:40  Barracks  
  200  11:41  Barracks  
  200  11:42  Barracks  
  200  12:13  Starport Reactor  
  200  12:17  Barracks Tech Lab x2  
  200  12:18  Barracks Tech Lab x2  
  200  12:25  Barracks Reactor  
  200  12:26  Barracks Reactor x9  
  200  12:28  Barracks Reactor  
  200  12:29  Barracks Reactor  
  200  13:04  Concussive Shells  
  199  13:54  SCV  
  200  14:01  Planetary Fortress  
  199  14:12  Command Center  
  197  14:22  Orbital Command  
  197  14:23  SCV x3  
  200  14:24  Orbital Command  
  200  14:26  Orbital Command  
  197  14:42  SCV  
  186  14:51  SCV x5  
  184  14:54  SCV  
Show
View Real Time Build Order
Export as new Build Order

Imabrawlrus Terran 

Build Orders:  

Get SALT Encoding   

  12  0:08  Refinery  
  12  0:17  Refinery  
  12  0:48  Engineering Bay  
  12  1:19  SCV  
  13  1:31  SCV  
  14  1:33  Missile Turret  
  14  1:43  SCV  
  15  1:54  Missile Turret  
  15  2:09  Supply Depot  
  15  2:15  Supply Depot  
  15  2:22  Supply Depot  
  15  2:30  SCV  
  16  2:42  SCV  
  17  2:53  Supply Depot  
  17  2:54  SCV  
  18  3:07  SCV  
  18  3:12  Hi-Sec Auto Tracking  
  19  3:19  SCV  
  20  3:25  Barracks  
  20  4:03  Barracks  
  20  4:23  Marine  
  21  5:01  Barracks Tech Lab  
  21  5:09  Barracks Tech Lab  
  21  5:20  Missile Turret  
  21  5:34  Missile Turret  
  21  5:37  Marauder  
  21  5:41  Marine  
  24  5:51  Supply Depot  
  24  5:58  Marauder  
  24  5:59  Reaper  
  27  6:16  Missile Turret  
  27  6:19  Reaper  
  27  6:24  Bunker  
  28  6:31  Reaper  
  29  6:51  Reaper  
  30  7:03  Reaper  
  31  7:23  Marine  
  32  7:32  Bunker  
  32  7:35  Marine  
  33  7:41  Marauder  
  35  7:53  Marauder  
  37  8:01  Sensor Tower  
  37  8:03  Marauder  
  37  8:05  SCV  
  40  8:15  Marauder  
  40  8:17  SCV  
  43  8:29  SCV  
  44  8:36  Missile Turret  
  44  9:01  Command Center  
  44  9:14  Command Center  
  44  9:49  Missile Turret  
  44  9:57  Missile Turret  
  44  10:27  Missile Turret  
  44  10:33  Barracks  
  44  10:41  Barracks  
  44  10:44  Refinery  
  45  10:50  SCV  
  45  11:02  SCV  
  46  11:14  SCV  
  47  11:26  SCV  
  48  11:38  SCV  
  49  11:44  Barracks Tech Lab  
  49  12:25  Marauder  
  51  12:31  Marine  
  52  12:46  Marauder  
  52  12:47  SCV  
  52  12:49  Marine  
  56  12:59  SCV  
  57  13:07  Marine, Reaper  
  57  13:11  SCV  
  60  13:17  Missile Turret  
  59  13:23  SCV  
  59  13:24  Marine  
  61  13:39  Reaper  
  62  13:42  Marine  
  63  13:49  Missile Turret  
  35  14:11  Marine  
Tags
 
League
Bronze
Matchup
TvT
Player
ViBE
Race
Terran
Replay Pack
Bronze_League
Spawn Locations
Cross Positions
Add a new tag
Caveats
  • Supply blocks, unpowered buildings, or Contaminate may cause inaccurate times.
  • Supply counts are checked every 10 seconds.